[Event "German Championship Women 2022"]
[Site "Magdeburg"]
[Date "2022.08.16"]
[Round "3.6"]
[White "Peglau, Dora"]
[Black "Storkebaum, Ulrike"]
[Result "0-1"]
[ECO "E73"]
[WhiteElo "1920"]
[BlackElo "1768"]
[Annotator "TA"]
[PlyCount "96"]
[EventDate "2022.08.14"]
[EventType "swiss"]
[EventCountry "GER"]
[SourceTitle "playchess.com"]
[Source "ChessBase"]
[SourceQuality "1"]
[TimeControl "40/5400+30:1800+30"]

1. d4 Nf6 2. c4 g6 3. Nc3 Bg7 4. e4 d6 5. Be2 O-O 6. Be3 e5 7. d5 a5 8. h4 {[%emt 0:00:33] E73: King's Indian: Averbakh Variation without 6...c5.} h5 9. Nh3 Na6 10. Ng5 {[%emt 0:00:30] White is slightly better.} Bd7 {[%emt 0:03:51] [#]} 11. O-O $146 ({Predecessor:} 11. f3 Qe7 12. Qd2 Rfc8 13. O-O-O c6 14. Kb1 Nb4 15. dxc6 Rxc6 16. a3 Na6 17. Nb5 {1-0 (35) Valenzuela Gomez,F (2350)-Garcia Ramos,D (2367) Barcelona 2020}) 11... Qe7 (11... b6 {feels hotter.} 12. Qe1 Ng4 13. Bd2 f6) 12. Qd2 (12. Qe1 $11) 12... Nc5 (12... Ng4 $15) 13. Rfd1 b6 14. b3 {[%emt 0:01:27] [#]} (14. f3 $11) 14... Ng4 $1 $17 15. Bxc5 bxc5 16. f3 Nh6 (16... Nf6 $17) 17. Kh2 (17. Rab1 $15) 17... f6 18. Nh3 Nf7 19. Rf1 Bh6 20. Qe1 Kh7 21. g4 hxg4 22. fxg4 Be3 23. Qg3 Bd4 24. Rf3 $2 {[%emt 0:03:15] White is on the road to losing.} (24. Rab1 $11 {and White stays safe.}) 24... Nh6 $19 25. g5 Ng4+ 26. Kg2 f5 27. Rc1 $2 (27. exf5 {was called for.} Bxf5 28. Kh1) 27... f4 28. Qe1 Ne3+ 29. Kh2 Kg7 {[%emt 0:03:31] [#] Hoping for ...Rh8.} 30. Nb5 Bxb5 31. cxb5 a4 {[%emt 0:00:32] aiming for ...axb3.} 32. Bc4 (32. b4) 32... axb3 33. Bxb3 Ra3 {[%emt 0:03:05] ...Rh8 is the strong threat.} 34. Ng1 (34. h5 $142) 34... Qd7 {[%emt 0:00:50] And now ...c4 would win.} 35. Qe2 Rh8 36. Rh3 Ng4+ 37. Kg2 Ne3+ $2 (37... Nf2 $19 38. h5 Nxh3 39. h6+ Kh7 40. Nxh3 Rb8) 38. Kh1 $2 (38. Kh2 $11 Ng4+ 39. Kg2) 38... Ng4 $2 (38... c4 $19 39. Rxc4 Nxc4 40. Qxc4 f3) 39. Rf1 $2 (39. Kg2 $11 Nf2 40. h5 Nxh3 41. h6+ Kh7 42. Nxh3) 39... Ne3 40. Rc1 {[%emt 0:00:36] Prevents c4.} Qg4 {[%emt 0:07:31] Against h5} (40... c4 $142 41. Rxc4 Nxc4 42. Qxc4 f3) 41. Qxg4 Nxg4 42. Kg2 (42. Nf3 $142) 42... Nf2 43. Rh2 Nxe4 44. Ne2 (44. Nf3 $142) 44... Be3 45. Re1 Nd2 46. Nc1 Nxb3 47. axb3 Bxc1 48. Rxc1 Rxb3 {[%emt 0:00:00] Weighted Error Value: White=1.10/Black=0.86} 0-1

[Event "German Championship Women 2022"]
[Site "Magdeburg"]
[Date "2022.08.16"]
[Round "3.7"]
[White "Wartenberg, Alissa"]
[Black "Just, Anita"]
[Result "1/2-1/2"]
[ECO "C18"]
[WhiteElo "1632"]
[BlackElo "1905"]
[Annotator "TA"]
[PlyCount "72"]
[EventDate "2022.08.14"]
[EventType "swiss"]
[EventCountry "GER"]
[SourceTitle "playchess.com"]
[Source "ChessBase"]
[SourceQuality "1"]
[TimeControl "40/5400+30:1800+30"]

1. e4 e6 2. d4 d5 3. Nc3 Bb4 4. e5 c5 5. a3 Bxc3+ 6. bxc3 Ne7 7. Qg4 Qc7 8. Bd3 cxd4 9. Ne2 dxc3 10. Qxg7 Rg8 11. Qxh7 Nbc6 12. Bf4 Bd7 13. Qh5 {[%emt 0:21:01] C18: French: 3 Nc3 Bb4: Main line: 7 h4 and 7 Qg4.} O-O-O 14. Bg3 Ng6 {[%emt 0:18:28][%cal Rg6e5] [#]} 15. Bxg6 $146 {[%emt 0:03:20] White is slightly better.} ({Predecessor:} 15. f4 Rh8 16. Qf3 Rdg8 17. Bxg6 Rxg6 18. Qxc3 Ne7 19. Qxc7+ Kxc7 20. c3 Nf5 21. Kf2 {½-½ (49) Dolzhikova,O (2185)-Schaaf,R Bad Zwesten 1998}) 15... Rxg6 16. Nf4 (16. O-O $14) 16... Rxg3 17. fxg3 (17. hxg3 $11 {was the only way to keep the balance.} Nd4 18. O-O) 17... Nxe5 (17... Nd4 $1 $17 18. O-O Ba4) 18. O-O $1 $11 Bc6 19. Rae1 $36 {[%emt 0:03:14][%mdl 2048] White is more active.} Nc4 20. Nd3 Nxa3 21. Kh1 Nxc2 ({Black should try} 21... Be8 $11 22. Ra1 Nb5) 22. Rc1 $1 $15 Ne3 23. Rxf7 Qd6 (23... Bd7 $11 {keeps the balance.}) 24. Rxc3 $16 d4 {[%emt 0:01:50][%csl LRc3,LRg2][%cal Bd5d4,Bd4d3][%mdl 32] [#]} 25. Rc1 Kb8 {[%emt 0:10:31] [#]} ({Black should play} 25... Qd5 $1 $14 26. Qxd5 Rxd5) 26. Qe5 {[%emt 0:03:12] Dancing on a razor blade.} (26. Qa5 $1 $16 {[%cal Oc1c6] Rxc6! would kill now.} Bd5 27. Nc5 (27. Ra1 a6 $14)) 26... Qxe5 $11 {[%emt 0:05:48] The position is equal.} 27. Nxe5 d3 $1 28. Nxc6+ bxc6 {[%emt 0:02:34][%mdl 4096] Endgame KRR-KRN} 29. Rb1+ Kc8 {[%emt 0:05:05] White must now prevent ...d2.} 30. Rbb7 ({Not} 30. Rxa7 $2 d2 31. Kg1 (31. Ra8+ $2 Kd7 $19) 31... d1=Q+ $19) 30... Nd5 {[%emt 0:00:28] Prevents Rfc7+.} 31. Rxa7 Kb8 {[%emt 0:00:34] Inhibits Ra8+.} 32. Rab7+ Kc8 33. Ra7 $1 Kb8 {[%emt 0:00:19] Against Ra8+} 34. Rab7+ Kc8 {[%emt 0:00:03] And now ...d2 would win.} 35. Ra7 Kb8 {[%emt 0:00:08] Against Ra8+. ...d2 is the strong threat.} 36. Rab7+ Kc8 {[%emt 0:00:08] Weighted Error Value: White=0.20 (precise) /Black=0.18 (very precise)} 1/2-1/2

[Event "German Championship Women 2022"]
[Site "Magdeburg"]
[Date "2022.08.16"]
[Round "3.8"]
[White "Mekus, Manuela"]
[Black "Basovskiy, Jana"]
[Result "0-1"]
[ECO "A04"]
[WhiteElo "1638"]
[BlackElo "1867"]
[Annotator "NA RC"]
[PlyCount "62"]
[EventDate "2022.08.14"]
[EventType "swiss"]
[EventCountry "GER"]
[SourceTitle "playchess.com"]
[Source "ChessBase"]
[SourceQuality "1"]
[TimeControl "40/5400+30:1800+30"]

1. d3 c5 2. c3 Nc6 3. g3 e6 4. Bg2 g6 5. Nd2 Bg7 6. Ngf3 Nge7 7. e4 d6 8. O-O O-O 9. Re1 b5 10. a3 Rb8 11. Rb1 $15 a5 12. a4 b4 13. c4 f5 14. Nb3 e5 15. exf5 Bxf5 16. Nh4 Bd7 17. f4 exf4 18. Bxf4 Ne5 19. Nxc5 Bg4 20. Qc2 dxc5 21. Bxe5 Bxe5 22. Bd5+ Nxd5 23. Rxe5 Nf6 24. Kg2 Qd7 25. Rxc5 Bh3+ 26. Kh1 Ng4 27. Rd5 Qe7 28. Qd2 Rf2 29. Qe1 Rf1+ 30. Qxf1 Bxf1 31. Rxf1 Qe2 0-1

[Event "German Championship Women 2022"]
[Site "Magdeburg"]
[Date "2022.08.16"]
[Round "3.10"]
[White "Bluebaum, Johanna"]
[Black "Petersen, Sophie"]
[Result "1-0"]
[ECO "D31"]
[WhiteElo "2013"]
[BlackElo "1597"]
[Annotator "TA"]
[PlyCount "97"]
[EventDate "2022.08.14"]
[EventType "swiss"]
[EventCountry "GER"]
[SourceTitle "playchess.com"]
[Source "ChessBase"]
[SourceQuality "1"]
[TimeControl "40/5400+30:1800+30"]

1. d4 d5 2. c4 e6 3. Nc3 a6 4. cxd5 exd5 5. Bf4 Nf6 6. e3 {[%emt 0:00:24] D31: Queen's Gambit Declined: Semi-Slav without ...Nf6 (+ Marshall Gambit and Noteboom) and Exchange Variation lines without ...Nf6.} Bd6 7. Bxd6 Qxd6 8. Bd3 {[%emt 0:00:36] The position is equal.} O-O 9. Nge2 Re8 10. Qc2 Nc6 11. a3 {[%emt 0:02:03] [#]} b5 $146 ({Predecessor:} 11... Bg4 12. O-O Bh5 13. Rac1 Bg6 14. Bxg6 hxg6 15. Na4 Re7 16. Nc5 Nd8 17. h4 c6 {½-½ (27) Tregubov,P (2592)-Nisipeanu,L (2674) Germany 2018}) 12. b4 Bb7 13. O-O g6 14. Ng3 Nd7 15. Bxb5 Nb6 (15... axb5 $14 16. Nxb5 Nxd4 17. Nxd4 (17. exd4 Qb6 $14) 17... c5) 16. Bd3 $16 Kg7 17. Rac1 h5 18. Nge2 Rad8 (18... Ne7 $142 19. Nf4 c6) 19. Na4 Nxa4 20. Qxa4 Nb8 21. Rc3 c6 22. Nc1 Nd7 23. Qd1 ({Avoid the trap} 23. Bxa6 $2 Ra8 24. Nd3 (24. b5 $2 cxb5 25. Qb4 Qxa6 $19) 24... Rxa6 $19) 23... Ra8 24. Nb3 Qe7 25. Na5 Nb8 26. Qf3 Ra7 27. Rfc1 Qd7 28. Qg3 Ba8 29. Be2 Kh7 30. Bf3 Qe6 31. Nb3 Nd7 32. Na5 Nb8 $1 33. Bd1 Qd7 34. Ba4 Rc8 35. h3 Qe6 36. Qf4 f6 37. g4 Rg7 38. Bc2 {[%emt 0:01:14] [#] aiming for gxh5.} Kg8 39. Kg2 f5 40. g5 Re7 41. Bd3 Rec7 42. Nb3 Qe8 43. Nc5 Ra7 44. Qd6 Kh7 45. Be2 Rd8 46. Qg3 Rc8 47. Nd3 Nd7 48. Nf4 Nb8 $2 {[%emt 0:00:00] [#]} (48... Nb6 {is a better defense.} 49. Rc5 Bb7) 49. Nxd5 $1 {[%emt 0:00:00][%mdl 512] Weighted Error Value: White=0.18 (very precise) /Black=0.25 (precise)} 1-0

[Event "German Championship Women 2022"]
[Site "Magdeburg"]
[Date "2022.08.16"]
[Round "3.11"]
[White "Voigt, Anastasia"]
[Black "Spiel, Marianne"]
[Result "1-0"]
[ECO "C06"]
[WhiteElo "1694"]
[BlackElo "1893"]
[Annotator "NA RC"]
[PlyCount "103"]
[EventDate "2022.08.14"]
[EventType "swiss"]
[EventCountry "GER"]
[SourceTitle "playchess.com"]
[Source "ChessBase"]
[SourceQuality "1"]
[TimeControl "40/5400+30:1800+30"]

1. e4 e6 2. d4 d5 3. Nd2 Nf6 4. e5 Nfd7 5. Bd3 c5 6. c3 Nc6 7. Ne2 cxd4 8. cxd4 f6 9. exf6 Nxf6 10. O-O Bd6 11. Nf3 O-O 12. Bf4 Ng4 13. Bg3 e5 14. Qb3 Be6 15. dxe5 Ncxe5 16. Nxe5 Bxe5 17. h3 Bxg3 18. Nxg3 Ne5 19. Bc2 $11 Qf6 20. Qb4 Rac8 21. Bb3 b6 22. Qd2 Nc4 23. Bxc4 dxc4 24. Rad1 Rcd8 25. Qe2 b5 26. Ne4 Qg6 27. Ng3 a6 28. Rfe1 Bd5 29. Qe5 Qf7 30. Re2 Rfe8 31. Rxd5 Rxd5 32. Qxe8+ Qxe8 33. Rxe8+ Kf7 34. Re2 Rd1+ 35. Kh2 Rd3 36. Ne4 b4 37. Nc5 Rd6 38. Rc2 a5 39. Rxc4 Rd2 40. Rf4+ Ke7 41. Na4 g6 42. a3 bxa3 43. bxa3 Rd3 44. Rf3 Rxf3 45. gxf3 Kd6 46. Nb2 Kd5 47. Kg3 Kd4 48. Kg4 Kc3 49. Na4+ Kb3 50. Nb6 Kxa3 51. Nc4+ Kb4 52. Nxa5 1-0

[Event "German Championship Women 2022"]
[Site "Magdeburg"]
[Date "2022.08.16"]
[Round "3.12"]
[White "Mader, Lena"]
[Black "Halas, Julia"]
[Result "0-1"]
[ECO "E66"]
[WhiteElo "1826"]
[BlackElo "2012"]
[Annotator "NA RC"]
[PlyCount "114"]
[EventDate "2022.08.14"]
[EventType "swiss"]
[EventCountry "GER"]
[SourceTitle "playchess.com"]
[Source "ChessBase"]
[SourceQuality "1"]
[TimeControl "40/5400+30:1800+30"]

1. c4 Nf6 2. g3 g6 3. Bg2 Bg7 4. Nf3 O-O 5. O-O d6 6. Nc3 c5 7. d4 Nc6 8. d5 Na5 9. Qd3 Rb8 10. e4 a6 11. e5 Ne8 12. Bf4 b5 13. b3 bxc4 14. bxc4 Rb4 15. exd6 (15. Nd2 $15) 15... Nxd6 $17 16. Rac1 Naxc4 17. Rfe1 Bf5 18. Qe2 Re8 19. Bxd6 Qxd6 20. Nh4 Ne5 21. Nxf5 gxf5 22. Qc2 Qg6 23. Ne2 Rb2 24. Qa4 Reb8 25. Nf4 Qb6 26. Red1 c4 27. Rf1 Rc8 28. Qd1 Bh6 29. Rc2 Bxf4 30. gxf4 Nd3 31. Rxb2 Qxb2 32. Qh5 Qf6 33. Qf3 Nc5 34. Kh1 Ne4 35. Rg1 Kh8 36. Qe2 Qd4 37. Bxe4 Qxe4+ 38. Qxe4 fxe4 39. f5 c3 40. f6 exf6 41. d6 Rd8 42. Rc1 Rxd6 43. Rxc3 f5 44. Kg2 Kg7 45. Kf1 Kf6 46. Ke2 Ke5 47. Rh3 h6 48. Rc3 Rb6 49. Rc5+ Kf4 50. Rc2 a5 51. a4 Rb4 52. Rc7 Rxa4 53. Rxf7 Ra2+ 54. Ke1 a4 55. Rf8 a3 56. Rf7 Rb2 57. Ra7 a2 0-1

[Event "German Championship Women 2022"]
[Site "Magdeburg"]
[Date "2022.08.16"]
[Round "3.13"]
[White "Heil, Marina"]
[Black "Braun, Kristin"]
[Result "0-1"]
[ECO "A16"]
[WhiteElo "1926"]
[BlackElo "1897"]
[Annotator "TA"]
[PlyCount "84"]
[EventDate "2022.08.14"]
[EventType "swiss"]
[EventCountry "GER"]
[SourceTitle "playchess.com"]
[Source "ChessBase"]
[SourceQuality "1"]
[TimeControl "40/5400+30:1800+30"]

1. c4 Nf6 2. Nc3 g6 3. g3 Bg7 4. Bg2 d6 5. e4 O-O 6. Nge2 c5 7. O-O Nc6 8. d3 Bg4 9. h3 Bxe2 10. Nxe2 a6 {[%emt 0:01:42] A36: Symmetrical English vs ...g6: 4 Bg2 Bg7.} 11. Nc3 {[%emt 0:04:06] [#]} Ne8 $146 ({Predecessor:} 11... Rb8 12. a4 Nd4 13. Be3 Nd7 14. a5 e6 15. Kh2 b5 16. axb6 Qxb6 17. Ra2 Ne5 18. f4 {1-0 (41) Ursan,P (2225)-Kouroglou,K (1724) Tornelo INT 2021}) 12. Be3 Nc7 {[%emt 0:00:33] The position is equal.} 13. Rb1 Rb8 14. Qd2 b5 15. b3 Qd7 16. Bh6 Nd4 17. Bxg7 Kxg7 18. h4 Nce6 19. f4 Nd8 20. Rbe1 Qg4 21. Kh2 e5 (21... b4 $11 22. Nd5 N8c6) 22. Re3 (22. fxe5 $16 dxe5 23. Bh3 Nf3+ 24. Rxf3 $1 Qxf3 25. Rf1) 22... f5 (22... N8c6 $11) 23. Bh3 ({Better is} 23. fxe5 $16 f4 24. gxf4 dxe5 25. f5) 23... Qh5 $14 24. fxe5 f4 $1 25. gxf4 Qxh4 26. Rg3 (26. exd6 Rxf4 27. Rxf4 Qxf4+ 28. Kh1 Qxd6 $11) 26... dxe5 27. f5 N8e6 28. Nd5 {[%emt 0:02:07] Against Nf4. Threatens to win with Rg4.} (28. Rg4 $5 Qh5 29. Nd5 $14) 28... g5 $2 (28... Kh8 $11 {and Black has nothing to worry.}) 29. Rfg1 $2 {[%emt 0:01:00] [#]} (29. fxe6 Rxf1 30. Qxg5+ Qxg5 31. Rxg5+ Kh6 $11) (29. Rg4 $18 Qh6 30. Rgg1 (30. fxe6 Rxf1 31. Qxg5+ Qxg5 $11) (30. cxb5 Kh8 $11)) 29... h6 30. Rf1 {[%emt 0:06:11] aiming for cxb5.} ({Not} 30. fxe6 $2 Nf3+ 31. Rxf3 Rxf3 $19) 30... Kh8 {[%emt 0:03:20] The board is on fire.} 31. Qg2 $2 (31. Ne7 $11 Qh5 32. Ng6+ Kh7 33. Nxe5 (33. Nxf8+ Rxf8 34. cxb5 axb5 $11)) 31... Nf4 $17 32. Qd2 Nde2 {[%emt 0:01:13] Pair of Knights!} 33. Rff3 (33. Re3) 33... Nxg3 $19 34. Rxg3 Rg8 35. Nf6 $2 (35. Qe3) 35... Rg7 ({Inferior is} 35... Rgf8 36. Nd7 $17) (35... g4 $142 36. Nxg8 Rxg8) 36. Qb2 Re7 37. Ng4 $2 (37. Nd5 Rbe8 38. Nxe7 Rxe7 39. cxb5) 37... Nxh3 38. Kg2 Nf4+ 39. Kf3 Qh1+ 40. Ke3 Qe1+ 41. Kf3 Qd1+ (41... Qf1+ $142 42. Nf2 Rg8 43. Ke3 Qe1+ 44. Kf3 h5 45. Ng4 h4 46. Rg2 Qh1 47. Ne3 g4+ 48. Kf2 Nxd3+ 49. Ke2 Nxb2 50. Rf2 Qxe4 51. Rh2 Qd3+ 52. Ke1 Qxe3+ 53. Kf1 {[#]} g3 $1 54. Rxh4+ Rh7 55. Rxh7+ Kxh7 56. Kg2 Qf2+ 57. Kh3 Qh2#) 42. Kf2 {[%emt 0:00:00] [#]} Qxg4 $3 {[%emt 0:02:21][%mdl 512] Weighted Error Value: White=1.21/Black=0.65} 0-1

[Event "German Championship Women 2022"]
[Site "Magdeburg"]
[Date "2022.08.16"]
[Round "4.1"]
[White "Voicu-Jagodzinsky, Carmen"]
[Black "Schulze, Lara"]
[Result "0-1"]
[ECO "B67"]
[WhiteElo "2258"]
[BlackElo "2292"]
[Annotator "TA"]
[PlyCount "116"]
[EventDate "2022.08.14"]
[EventType "swiss"]
[EventCountry "GER"]
[SourceTitle "playchess.com"]
[Source "ChessBase"]
[SourceQuality "1"]
[TimeControl "40/5400+30:1800+30"]

1. e4 c5 2. Nf3 Nc6 3. d4 cxd4 4. Nxd4 Nf6 5. Nc3 d6 6. Bg5 e6 7. Qd2 a6 8. O-O-O Bd7 9. Kb1 Nxd4 {[%emt 0:00:38] B67: Sicilian: Richter-Rauzer: 7...a6 8 0-0-0 Bd7, lines without 9 f4 Be7.} 10. Qxd4 Be7 11. f3 Qc7 {[%emt 0:01:06] White is slightly better.} 12. Qd2 b5 13. h4 h6 14. Be3 h5 {[%emt 0:00:20] Against g4} 15. Bd3 b4 16. Ne2 {[%emt 0:02:37] [#]} a5 $146 ({Predecessor:} 16... e5 17. Bg5 a5 18. c3 Be6 19. Bb5+ Nd7 20. c4 f6 21. Be3 Kf7 22. f4 Kg8 23. Bxd7 Qxd7 24. fxe5 Bxc4 25. exd6 Qxd6 26. Qxd6 Bxd6 27. Rxd6 Bxe2 {½-½ (42) Giri,A (2776)-Vachier Lagrave,M (2758) chess24.com INT 2021}) 17. c3 Qb7 18. Bg5 O-O 19. c4 a4 20. Nf4 {[%emt 0:01:30] Strongly threatening Nxh5.} Bc6 21. Bxf6 Bxf6 22. Nxh5 Bd4 23. Rh3 ({Better is} 23. Qg5 $1 $14) 23... Ra5 {[%emt 0:02:47][%mdl 1024] Black has compensation.} 24. g4 a3 {[%emt 0:03:50][%cal Ob4b3] ( -> ...b3!)} 25. b3 $1 Bc3 26. Qe3 Re5 27. Ng3 {[%emt 0:01:31] Inhibits f5.} f5 {[%emt 0:03:46] Threatens to win with ...f4.} 28. f4 $1 fxg4 29. Rh2 Ra5 30. Ne2 Bb2 31. h5 (31. Rg2 $14 {might be stronger.}) 31... Rf6 (31... Be8 $1 $11) 32. Bc2 $16 Rh6 (32... Qc7 $142) 33. Ng3 (33. e5 $142 $1) 33... e5 34. Nf5 (34. f5 $5 ) 34... Rf6 {[%emt 0:00:17] And now ...exf4 would win.} 35. h6 ({But not} 35. Nxd6 Qc7 36. Qd3 Rxf4 $11) ({Much weaker is} 35. Rxd6 Rxd6 36. Nxd6 Qd7 $15) (35. Rh4 $14) 35... exf4 $11 {[%emt 0:01:16] Chess con chili.} 36. h7+ $2 {[%emt 0:02:28][%mdl 8192] White does not recover from this.} (36. Qe2 $1 $11 {and White has nothing to worry.} g6 37. Nxd6) 36... Kh8 $19 37. Qxf4 Be5 38. Nxd6 Bxf4 {[%emt 0:00:59] This bishop pair is nice.} ({Inferior is} 38... Rxf4 39. Nxb7 Ra8 40. Rh5 $17) 39. Nxb7 {[%emt 0:00:02] White wants to mate with Rd8+.} Ra8 40. Rg2 Bxb7 41. Rxg4 Be5 42. Rg5 Re8 43. Rf5 Bc6 44. Bd3 Kxh7 45. Rg1 Rxf5 46. exf5 Bf6 47. c5 Re3 48. Bc4 Re5 (48... Rc3 $142 49. Bd3 Rxd3 50. Kc2 Be4 51. Re1 Bxf5 52. Rf1 Rf3+ 53. Kd1 Rxf1+ 54. Ke2 Ra1 55. Kf3 Rxa2 56. Kf4 {[#]} Rd2 $1 57. Kf3 a2 58. Kf4 a1=Q $1 59. Kxf5 Qe5+ 60. Kg4 Rd3 61. c6 Qg5#) 49. Rg3 Kh6 {[%emt 0:01:20] ...Re1+ is the strong threat.} 50. Rg6+ Kh5 51. Bd3 Be4 52. Bxe4 Rxe4 {[%emt 0:00:02] KRB-KR} 53. Kc2 Re3 54. Kd2 Rc3 55. c6 Rxc6 56. Kd3 Rc1 57. Rg2 Rb1 58. Kc4 Bc3 {[%emt 0:00:22] Weighted Error Value: White=0.78/Black=0.26 (precise)} 0-1

[Event "German Championship Women 2022"]
[Site "Magdeburg"]
[Date "2022.08.16"]
[Round "4.2"]
[White "Kunze, Kerstin"]
[Black "Muetsch, Annmarie"]
[Result "1/2-1/2"]
[ECO "C50"]
[WhiteElo "2020"]
[BlackElo "2249"]
[Annotator "TA"]
[PlyCount "82"]
[EventDate "2022.08.14"]
[EventType "swiss"]
[EventCountry "GER"]
[SourceTitle "playchess.com"]
[Source "ChessBase"]
[SourceQuality "1"]
[TimeControl "40/5400+30:1800+30"]

1. e4 e5 2. Nf3 Nc6 3. Bc4 Bc5 4. O-O d6 5. c3 Bg4 6. d3 Nf6 7. h3 Bh5 8. Nbd2 {[%emt 0:20:28] C54: Giuoco Piano: 4 c3 Nf6, main lines with 5 d4 and 5 d3.} O-O 9. Qe1 {[%emt 0:11:52] [#]} (9. a4 $14) 9... a6 $146 ({Predecessor:} 9... Na5 10. Bb5 a6 11. Ba4 b5 12. Bd1 Nc6 13. b4 Bb6 14. Nh2 Bxd1 15. Qxd1 d5 16. Re1 dxe4 17. Nxe4 Nxe4 18. dxe4 Qxd1 19. Rxd1 {1-0 (66) Polaski,F (1439)-Mester,P (1629) Playchess.com INT 2021}) 10. a4 Re8 11. g4 Bg6 12. Nb3 Bb6 13. a5 Ba7 14. Bg5 h6 15. Bh4 Nb8 16. Qd2 {[%emt 0:07:45] [#]} (16. Qe2 $11) 16... c6 $1 $17 17. d4 exd4 18. Nbxd4 Bxe4 19. g5 (19. Bd3 $17) 19... hxg5 $19 20. Nxg5 d5 21. Bd3 Bxd3 22. Qxd3 Ne4 (22... Nbd7 $19 {And now ...Ne5 would win.} 23. Qg3 Bxd4 24. cxd4 Nf8) 23. Nxe4 $17 dxe4 ({Black should try} 23... Qxh4 $17 24. Nd6 Re5) 24. Qg3 $11 Qd5 {[%emt 0:07:01] Inhibits Nf5.} 25. Bf6 $36 {[%emt 0:00:22][%csl Gf6][%cal Rg3g7][%mdl 2048] [#] White has good play.} g6 {[%emt 0:00:07] Threatens to win with ...Nd7.} 26. Qh4 Qh5 {[%emt 0:00:05] Prevents Qh8+.} 27. Qxh5 gxh5 28. Kh1 Nd7 29. Rg1+ Kf8 30. Bg7+ Ke7 31. Rae1 Kd6 (31... Nc5 $15) 32. Rg5 f6 33. Rxh5 Bxd4 (33... Re5 $5 34. Rh4 Rae8 $15) 34. cxd4 Re6 35. Bh6 {[%emt 0:00:21] aiming for Bf4+.} Ke7 36. Bd2 {[%emt 0:00:49] Bb4+ is the strong threat.} Re8 37. Rh7+ Kd8 38. Bf4 {[%emt 0:00:10] Inhibits Rd6.} R6e7 39. Rh6 Re6 (39... Rf7 $11) 40. Rh7 R6e7 41. Rh6 Rg7 {[%emt 0:02:50] Whites escaped into a draw.  Weighted Error Value: White=0.22 (precise) /Black=0.16 (very precise)} 1/2-1/2